 Dungeon Sprint DCSS version 0.15-a0-1403-g2cecdf4 (webtiles) character file.

172 PolkaDot the Covert (level 5, -10/35 HPs)
             Began as a Vampire Enchanter on June 11, 2014.
             Mangled by a slime creature (13 damage)
             ... in the Dungeon (Sprint I: "Red Sonja").
             The game lasted 00:01:43 (95 turns).

PolkaDot the Covert (Vampire Enchanter)               Turns: 95, Time: 00:01:43

HP -10/35        AC  3     Str  7      XL: 5   Next: 27%
MP   5/11        EV 12     Int 18      God:
Gold 135         SH  0     Dex 14      Spells:  4 memorised,  0 levels left

rFire  . . .     SeeInvis +     a - +1 dagger
rCold  . . .     Clarity  .     b - +1 robe
rNeg   + . .     rCorr    .     (no shield)
rPois  .         rRot     .     (no helmet)
rElec  .         Spirit   .     (no cloak)
SustAb .         Warding  .     (no gloves)
rMut   .         NoTele   +     (no boots)
Gourm  .                        (no amulet)
MR     .....                    (no ring)
                                (no ring)

@: not resistant to hostile enchantments, quite stealthy
A: fangs 3, see invisible, unbreathing
a: Bat Form


You were in the Dungeon.
You were not thirsty.

You visited 1 branch You collected 135 gold pieces.

Inventory:

Hand weapons
 a - a +1,+1 dagger (weapon)
Armour
 b - a +1 robe (worn)
Magical devices
 k - a wand of polymorph (7) {unknown}
Scrolls
 j - a scroll of blinking
Potions
 d - a potion of blood {@w2}
 e - a potion of curing
 f - a potion of heal wounds
 g - a potion of haste
 h - 2 potions of magic
 i - a potion of berserk rage
Books
 c - a book of Maledictions

   Spells                             Type                      Level
   *Corona                            Hexes                        1
   Sure Blade                         Hexes/Charms                 2
   *Ensorcelled Hibernation           Hexes/Ice                    2
   *Confuse                           Hexes                        3
   Dazzling Spray                     Conjuration/Hexes            3
   *Enslavement                       Hexes                        4


   Skills:
 - Level 3.9 Short Blades
 - Level 2.1 Dodging
 + Level 11.5 Stealth
 + Level 3.3 Spellcasting
 * Level 10.4 Hexes


You couldn't memorise any spells.
You knew the following spells:

 Your Spells              Type           Power        Failure   Level  Hunger
a - Corona                Hex            #####..      1%          1    None
c - Confuse               Hex            #####...     1%          3    ###....
d - Ensorcelled Hibernat  Hex/Ice        ###...       2%          2    ##.....
e - Enslavement           Hex            #####...     2%          4    ####...


Dungeon Overview and Level Annotations

Branches:
Dungeon (1/1)

Altars:
Cheibriados
Dithmenos
Fedhas
Jiyva


Innate Abilities, Weirdness & Mutations

You have razor-sharp teeth.*
You have supernaturally acute eyesight.
You can survive without breathing.*


Message History

Casting: Ensorcelled Hibernation
Confirm with . or Enter, or press ? or * to list all spells.
Aiming: Ensorcelled Hibernation
Press: ? - help, Shift-Dir - straight line, f - slime creature
Aim: a slime creature The slime creature easily resists.
The slime creature hits you.
Casting: Ensorcelled Hibernation
Confirm with . or Enter, or press ? or * to list all spells.
Aiming: Ensorcelled Hibernation
Press: ? - help, Shift-Dir - straight line, f/p - slime creature
Aim: a slime creature The slime creature easily resists.
The slime creature hits you!
* * * LOW HITPOINT WARNING * * *
Casting: Ensorcelled Hibernation
Confirm with . or Enter, or press ? or * to list all spells.
Aiming: Ensorcelled Hibernation
Press: ? - help, Shift-Dir - straight line, f/p - slime creature
Aim: a slime creature The slime creature easily resists.
The slime creature hits you!
You die...

###################
#<.#.)'..#.)'..#__#
#..'..#.)'..#..'@J+
#..#####'#####+#__#
#..# #..# #### #..#
#### #..# #⌠⌠# ####


You could see a slime creature.

Vanquished Creatures
  An ogre (D)
  Sigmund (D)
  Ijyb (D)
3 creatures vanquished.

Notes
Turn   | Place    | Note
--------------------------------------------------------------
     0 | D        | PolkaDot, the Vampire Enchanter, began the quest for the Orb.
     0 | D        | Reached XP level 1. HP: 13/13 MP: 3/3
     2 | D        | Noticed Ijyb
    13 | D        | Killed Ijyb
    13 | D        | Reached skill level 7 in Stealth
    13 | D        | Reached XP level 2. HP: 19/19 MP: 4/4
    20 | D        | Noticed an ogre
    22 | D        | Killed an ogre
    22 | D        | Reached skill level 10 in Stealth
    22 | D        | Reached XP level 3. HP: 24/24 MP: 6/6
    22 | D        | Reached XP level 4. HP: 30/30 MP: 7/7
    27 | D        | Learned a level 3 spell: Confuse
    30 | D        | Learned a level 2 spell: Ensorcelled Hibernation
    35 | D        | Noticed Sigmund
    38 | D        | Killed Sigmund
    38 | D        | Reached skill level 11 in Stealth
    38 | D        | Reached skill level 10 in Hexes
    38 | D        | Reached XP level 5. HP: 35/35 MP: 6/11
    44 | D        | Learned a level 4 spell: Enslavement
    90 | D        | Found a snail-covered altar of Cheibriados.
    90 | D        | Found a shadowy altar of Dithmenos.
    90 | D        | Noticed a slime creature
    91 | D        | Found a viscous altar of Jiyva.
    91 | D        | Found a blossoming altar of Fedhas.
    95 | D        | Mangled by a slime creature

Action                   |  1- 3 |  4- 6 || total
-------------------------+-------+-------++-------
Melee: Dagger            |    11 |     1 ||    12
 Cast: Ensorcelled Hiber |       |     4 ||     4
 Stab: Sleeping          |     2 |     1 ||     3
